Map: (4)-BloodBath

Players

TJL - Winner!

  • Race: Zerg Zerg
  • Spawn Location: 7:00

HeRages

  • Race: Protoss Protoss
  • Spawn Location: 1:00

KidBlitzed

  • Race: Protoss Protoss
  • Spawn Location: 5:00

VOD

Have the link to the VOD?

Description

Time

  • Played on: March 16, 2016, 1:17 a.m.
  • Length: 49:34
Show
View Real Time Build Order
Export as new Build Order

TJL Zerg - Winner!

Build Orders: Pool First 

Get SALT Encoding   

  12  0:20  Spawning Pool  
  11  0:22  Drone  
  11  0:27  Drone  
  13  0:32  Drone  
  14  0:40  Overlord  
  14  1:07  Zergling x4  
  14  1:08  Zergling x2  
  14  1:09  Queen  
  19  1:25  Zergling x2  
  20  1:43  Drone x2  
  20  2:14  Drone  
  21  2:16  Extractor  
  21  2:17  Overlord x2, Extractor  
  19  2:29  Drone  
  19  2:53  Drone x4  
  23  3:04  Hatchery  
  22  3:37  Drone  
  22  3:38  Drone x4  
  27  3:47  Hatchery  
  26  3:53  Hatchery  
  25  3:59  Spore Crawler x2  
  25  4:00  Drone  
  25  4:02  Lair  
  23  4:04  Spore Crawler  
  22  4:25  Drone x5  
  27  4:44  Drone  
  28  4:54  Drone  
  29  5:01  Overseer x2  
  29  5:03  Drone  
  30  5:09  Drone  
  30  5:12  Drone x2, Queen  
  35  5:26  Overlord x2  
  35  5:37  Infestation Pit  
  34  5:46  Drone x2  
  34  5:47  Drone  
  34  5:48  Drone x2  
  34  5:49  Drone  
  40  5:57  Zergling x2  
  40  5:58  Overseer  
  40  5:59  Overseer  
  40  6:02  Extractor  
  40  6:05  Extractor  
  40  6:06  Drone  
  40  6:08  Queen, Extractor  
  41  6:21  Infestor  
  41  6:22  Infestor x2  
  47  6:29  Drone x3  
  50  6:34  Drone x4  
  54  6:47  Infestor x2  
  58  7:04  Burrow  
  58  7:10  Infestor  
  60  7:40  Drone x2  
  60  7:41  Drone  
  60  7:44  Infestor  
  63  7:46  Overlord x2  
  65  8:02  Pathogen Glands  
  65  8:07  Infestor  
  65  8:08  Infestor  
  65  8:09  Infestor  
  71  8:42  Infestor x3  
  71  8:48  Overseer  
  77  8:57  Drone  
  77  8:58  Neural Parasite, Drone  
  79  9:49  Infestor  
  81  9:55  Overlord x2  
  81  9:56  Overlord x2  
  81  10:15  Spore Crawler  
  81  10:18  Spore Crawler  
  81  10:20  Spore Crawler  
  78  10:23  Drone x4, Spore Crawler  
  78  10:24  Drone  
  78  10:25  Spore Crawler  
  81  10:30  Spine Crawler  
  81  10:34  Drone x3  
  81  10:35  Spine Crawler  
  82  10:36  Drone x2  
  82  10:37  Drone, Spine Crawler  
  84  11:15  Infestor  
  84  11:16  Infestor x8  
  102  11:22  Infestor x12  
  102  11:23  Infestor  
  102  13:05  Infestor  
  102  13:06  Infestor  
  102  13:08  Overlord  
  102  13:09  Overlord x6  
  106  13:17  Spore Crawler x2  
  106  13:18  Spore Crawler x2  
  106  13:19  Drone  
  103  13:21  Spine Crawler, Spore Crawler  
  103  13:23  Spore Crawler  
  100  13:27  Spine Crawler  
  100  13:29  Spine Crawler  
  100  13:30  Spine Crawler  
  100  13:31  Spore Crawler  
  100  13:32  Spore Crawler  
  95  13:36  Spine Crawler, Infestor  
  95  13:37  Infestor x4  
  104  14:29  Infestor  
  104  14:30  Infestor x10  
  126  15:51  Infestor  
  126  15:52  Infestor x8  
  144  17:13  Infestor x45  
  142  17:29  Infestor  
  142  17:30  Infestor x8  
  134  19:17  Zergling x16  
  134  19:18  Zergling x2  
  138  19:34  Spore Crawler x2  
  138  19:35  Spore Crawler x2  
  138  19:36  Spore Crawler x2  
  138  19:37  Spore Crawler  
  138  19:38  Spore Crawler  
  130  19:40  Spore Crawler x2, Zergling x12  
  120  20:49  Zergling x2  
  124  20:50  Zergling x16  
  129  21:03  Zergling x4  
  129  21:04  Zergling x2  
  117  21:54  Hydralisk Den  
  116  22:50  Hydralisk x6  
  116  22:51  Hydralisk x3  
  132  23:18  Hydralisk x3  
  132  23:19  Hydralisk x2  
  142  23:42  Zergling x8  
  142  23:44  Overlord x2  
  142  23:45  Overlord  
  146  23:54  Overlord x2  
  146  23:55  Overlord  
  146  24:08  Zergling x10  
  151  24:57  Zergling x28  
  151  24:58  Zergling x2  
  166  25:32  Zergling x16  
  166  25:33  Zergling x2  
  163  26:57  Spore Crawler  
  163  26:59  Spine Crawler  
  163  27:01  Spore Crawler  
  160  27:03  Spine Crawler  
  160  27:05  Spine Crawler  
  160  27:07  Spine Crawler x2  
  160  27:08  Spore Crawler x3  
  154  27:09  Spine Crawler  
  152  28:15  Zergling x12  
  152  28:16  Zergling x6  
  156  30:58  Zergling x14  
  156  30:59  Hydralisk x14, Zergling x4  
  115  36:04  Zergling x12  
  110  37:01  Zergling x12  
  96  38:05  Zergling x12  
  102  38:16  Zergling x2  
  103  38:46  Zergling x10  
  97  44:02  Zergling x6  
  100  44:03  Zergling x6  
  96  44:40  Zergling x2  
  96  44:41  Zergling x10  
  102  44:58  Zergling x2  
  102  44:59  Zergling x2  
Show
View Real Time Build Order
Export as new Build Order

HeRages Protoss 

Build Orders:  

Get SALT Encoding   

  12  0:03  Probe (Chrono Boost)  
  14  0:14  Probe (Chrono Boost)  
  14  0:22  Pylon  
  14  0:24  Probe (Chrono Boost)  
  15  0:41  Probe (Chrono Boost)  
  16  0:45  Gateway  
  16  0:52  Gateway  
  16  0:55  Probe (Chrono Boost)  
  17  1:06  Probe (Chrono Boost)  
  18  1:13  Pylon  
  18  1:16  Probe (Chrono Boost)  
  19  1:26  Forge  
  19  1:37  Zealot  
  19  1:39  Zealot  
  23  1:54  Assimilator  
  23  2:00  Assimilator  
  23  2:04  Photon Cannon  
  22  2:08  Photon Cannon  
  22  2:13  Zealot  
  24  2:20  Probe (Chrono Boost)  
  25  2:31  Probe (Chrono Boost)  
  26  2:41  Probe (Chrono Boost)  
  27  2:49  Zealot  
  29  2:52  Probe (Chrono Boost)  
  30  3:03  Probe (Chrono Boost)  
  31  3:16  Cybernetics Core  
  31  3:23  Pylon  
  31  3:31  Pylon  
  31  3:41  Zealot x2  
  31  3:42  Probe (Chrono Boost)  
  36  3:52  Probe (Chrono Boost)  
  37  3:59  Stargate  
  38  4:03  Probe (Chrono Boost)  
  38  4:08  Zealot x2, Photon Cannon  
  42  4:13  Probe (Chrono Boost)  
  43  4:28  Photon Cannon  
  43  4:35  Stalker  
  45  4:39  Pylon  
  45  4:57  Zealot, Void Ray (Chrono Boost)  
  51  5:13  Stalker  
  53  5:23  Nexus  
  53  5:27  Pylon  
  53  5:33  Mothership Core (Chrono Boost)  
  55  5:51  Photon Cannon  
  55  5:54  Photon Cannon  
  55  6:00  Void Ray (Chrono Boost)  
  59  6:10  Photon Cannon  
  59  6:25  Stalker  
  61  6:34  Photon Cannon  
  61  6:44  Probe  
  62  6:53  Stargate  
  62  6:55  Zealot, Probe  
  65  7:05  Probe  
  66  7:16  Probe  
  67  7:24  Fleet Beacon  
  67  7:26  Probe  
  67  7:29  Pylon  
  68  7:37  Probe  
  68  7:42  Zealot x2  
  68  7:43  Phoenix (Chrono Boost)  
  75  7:47  Probe  
  75  7:49  Gateway  
  76  7:56  Photon Cannon  
  76  7:58  Probe  
  81  8:18  Void Ray (Chrono Boost)  
  81  8:33  Nexus  
  81  8:37  Assimilator  
  81  8:39  Probe  
  82  8:41  Assimilator  
  82  8:44  Pylon  
  82  8:48  Assimilator  
  82  8:50  Probe  
  83  8:55  Photon Cannon  
  83  9:00  Probe  
  84  9:11  Probe  
  84  9:13  Stargate  
  85  9:22  Probe  
  90  9:26  Void Ray (Chrono Boost)  
  90  9:31  Assimilator  
  82  9:38  Pylon, Stalker  
  91  10:02  Pylon  
  91  10:03  Probe  
  92  10:08  Stalker  
  92  10:10  Void Ray (Chrono Boost)  
  92  10:13  Probe  
  102  10:16  Probe, Void Ray (Chrono Boost)  
  104  10:24  Photon Cannon, Probe  
  104  10:27  Probe  
  105  10:34  Probe  
  106  10:37  Probe  
  108  10:45  Probe  
  108  10:48  Probe  
  116  10:53  Probe  
  117  11:09  Pylon  
  117  11:14  Nexus  
  117  11:22  Pylon  
  117  11:25  Probe x2  
  117  11:27  Zealot  
  117  11:36  Probe  
  118  11:44  Photon Cannon  
  118  11:46  Probe  
  118  12:01  Pylon  
  118  12:10  Tempest (Chrono Boost)  
  118  12:14  Zealot  
  132  12:15  Probe  
  132  12:16  Tempest x2 (Chrono Boost)  
  132  12:19  Zealot  
  135  12:24  Pylon  
  135  12:26  Probe  
  120  12:41  Zealot  
  122  12:47  Tempest (Chrono Boost)  
  98  12:57  Mothership Core  
  94  13:02  Gateway  
  102  13:11  Void Ray x2 (Chrono Boost)  
  96  13:14  Sentry  
  96  13:17  Stalker x2  
  100  13:25  Void Ray (Chrono Boost)  
  104  13:27  Gateway  
  104  13:37  Photon Cannon  
  104  13:40  Photon Cannon, Stalker  
  106  13:42  Photon Cannon  
  106  13:45  Photon Cannon  
  106  13:47  Stalker x2  
  112  14:17  Stalker x2  
  97  14:32  Tempest (Chrono Boost)  
  97  14:37  Tempest (Chrono Boost)  
  105  14:40  Photon Cannon  
  105  14:42  Photon Cannon  
  105  14:45  Zealot x2  
  109  14:47  Stalker  
  113  15:09  Tempest (Chrono Boost)  
  113  15:12  Zealot, Tempest (Chrono Boost)  
  113  15:42  Gateway  
  113  15:43  Zealot x2  
  105  16:09  Tempest (Chrono Boost)  
  105  16:10  Zealot x2  
  117  16:14  Tempest (Chrono Boost)  
  101  16:37  Zealot x2  
  76  17:07  Phoenix (Chrono Boost)  
  64  17:10  Phoenix (Chrono Boost)  
  64  17:11  Zealot  
  64  17:12  Zealot x2  
  64  17:14  Zealot  
  72  17:27  Pylon  
  72  17:28  Phoenix (Chrono Boost)  
  74  17:35  Phoenix (Chrono Boost)  
  76  17:38  Zealot, Nexus  
  76  17:39  Zealot  
  76  17:44  Photon Cannon  
  80  17:45  Photon Cannon  
  80  17:50  Phoenix (Chrono Boost)  
  84  17:53  Zealot  
  84  17:54  Phoenix (Chrono Boost)  
  88  18:00  Phoenix (Chrono Boost)  
  88  18:03  Pylon  
  88  18:06  Stalker x2  
  88  18:12  Phoenix (Chrono Boost)  
  94  18:24  Phoenix (Chrono Boost)  
  100  18:28  Void Ray (Chrono Boost)  
  100  18:33  Phoenix (Chrono Boost)  
  102  18:44  Probe  
  102  18:46  Stalker x2  
  111  18:55  Void Ray (Chrono Boost)  
  111  18:56  Probe  
  112  19:03  Probe  
  112  19:08  Probe  
  114  19:13  Probe  
  115  19:20  Pylon, Probe  
  116  19:24  Probe  
  116  19:25  Tempest (Chrono Boost)  
  121  19:32  Probe, Stalker x3  
  121  19:34  Probe  
  129  19:38  Zealot  
  129  19:39  Zealot x2  
  129  19:45  Probe, Mothership Core  
  137  19:49  Photon Cannon  
  138  19:56  Probe  
  139  20:06  Probe x2  
  141  20:15  Pylon  
  141  20:17  Probe  
  141  20:18  Photon Cannon  
  142  20:25  Tempest x2 (Chrono Boost)  
  142  20:27  Probe  
  150  20:35  Assimilator  
  151  20:40  Assimilator  
  151  20:42  Stalker  
  151  20:43  Stalker x2  
  157  20:50  Photon Cannon  
  157  20:53  Photon Cannon  
  157  20:58  Photon Cannon  
  157  20:59  Photon Cannon  
  157  21:10  Probe  
  158  21:19  Nexus  
  158  21:20  Tempest (Chrono Boost)  
  158  21:21  Probe  
  163  21:31  Probe  
  163  21:39  Pylon  
  164  21:51  Nexus  
  164  21:56  Probe  
  164  21:57  Pylon  
  165  22:06  Probe  
  170  22:08  Tempest (Chrono Boost)  
  178  22:16  Tempest x2 (Chrono Boost)  
  178  22:27  Photon Cannon  
  178  22:29  Photon Cannon  
  178  22:31  Photon Cannon  
  178  22:33  Stalker  
  180  22:42  Robotics Facility  
  180  22:46  Tempest (Chrono Boost)  
  184  22:59  Photon Cannon  
  184  23:06  Photon Cannon  
  184  23:11  Photon Cannon  
  184  23:31  Assimilator  
  184  23:50  Tempest x3 (Chrono Boost)  
  169  24:27  Tempest x2 (Chrono Boost)  
  121  24:39  Stalker x3  
  121  24:42  Stalker  
  121  24:45  Zealot  
  124  25:01  Probe  
  125  25:08  Probe  
  125  25:09  Stalker x3  
  125  25:12  Zealot x2, Probe  
  137  25:20  Probe  
  138  25:22  Probe  
  139  25:30  Zealot  
  139  25:32  Probe  
  139  25:33  Probe  
  143  25:39  Zealot x2, Stalker x3  
  153  25:43  Probe  
  153  25:45  Probe  
  155  25:54  Probe  
  155  25:57  Zealot, Probe  
  147  26:05  Phoenix (Chrono Boost)  
  147  26:06  Zealot x2, Phoenix x2 (Chrono Boost)  
  147  26:09  Stalker x3  
  145  26:24  Zealot  
  137  26:27  Phoenix x3 (Chrono Boost)  
  141  26:33  Zealot x2  
  141  26:39  Stalker x3  
  151  26:48  Phoenix (Chrono Boost)  
  151  26:49  Phoenix x2 (Chrono Boost)  
  151  26:51  Zealot  
  159  27:00  Zealot  
  159  27:01  Zealot  
  163  27:06  Mothership Core  
  165  27:09  Zealot x3  
  165  27:10  Phoenix (Chrono Boost)  
  165  27:11  Phoenix x2 (Chrono Boost)  
  174  27:18  Zealot  
  176  27:27  Zealot  
  176  27:28  Zealot  
  168  27:32  Phoenix x3 (Chrono Boost)  
  168  27:36  Zealot x3  
  134  27:45  Zealot  
  126  27:54  Zealot, Phoenix (Chrono Boost)  
  126  27:55  Zealot  
  112  28:12  Zealot  
  94  28:20  Phoenix (Chrono Boost)  
  100  28:34  Stalker x2  
  94  28:39  Stalker  
  55  29:11  Stalker  
  55  29:12  Stalker x2  
  55  29:19  Gateway  
  55  29:23  Gateway  
  53  29:25  Gateway  
  53  29:41  Stalker  
  53  29:42  Stalker x2  
  59  29:48  Gateway  
  58  30:09  Stalker  
  58  30:10  Stalker  
  58  30:11  Stalker  
  58  30:12  Stalker x2  
  67  30:15  Zealot  
  69  30:39  Stalker  
  69  30:40  Stalker  
  69  30:41  Stalker  
  69  30:42  Stalker x3  
  81  30:48  Zealot  
  83  31:09  Stalker  
  83  31:10  Stalker  
  87  31:11  Stalker  
  87  31:12  Zealot, Stalker x2  
  87  31:13  Nexus  
  87  31:16  Zealot  
  97  31:18  Mothership Core  
  99  31:39  Zealot, Stalker x2  
  103  31:41  Zealot  
  103  31:42  Zealot x2  
  103  31:43  Zealot  
  108  32:06  Stalker  
  271  32:08  Stalker  
  102  32:09  Stalker x4  
  102  32:10  Stalker  
  88  32:36  Stalker  
  73  32:38  Stalker  
  73  32:39  Stalker x4  
  73  32:40  Stalker  
  51  33:06  Stalker  
  53  33:21  Zealot  
  53  33:22  Zealot x5  
  65  33:36  Zealot  
  67  33:49  Zealot  
  67  34:16  Zealot  
  69  34:40  Zealot x3  
  59  35:05  Zealot  
  59  36:03  Pylon  
  58  37:57  Zealot  
  13  40:16  Zealot  
  15  41:31  Zealot  
  17  41:38  Probe  
  17  43:34  Probe  
Show
View Real Time Build Order
Export as new Build Order

KidBlitzed Protoss 

Build Orders:  

Get SALT Encoding   

  12  0:02  Probe (Chrono Boost)  
  13  0:17  Pylon  
  13  0:18  Probe (Chrono Boost)  
  14  0:30  Probe (Chrono Boost)  
  15  0:38  Forge  
  15  0:42  Probe (Chrono Boost)  
  16  0:49  Assimilator  
  16  0:53  Probe (Chrono Boost)  
  17  1:05  Gateway  
  17  1:08  Probe (Chrono Boost)  
  18  1:16  Photon Cannon  
  18  1:19  Probe (Chrono Boost)  
  19  1:29  Photon Cannon  
  19  1:34  Probe (Chrono Boost)  
  20  1:46  Pylon  
  20  1:48  Probe (Chrono Boost)  
  21  2:07  Pylon  
  21  2:12  Cybernetics Core  
  21  2:18  Gateway  
  21  2:19  Probe (Chrono Boost)  
  22  2:29  Probe (Chrono Boost)  
  23  2:32  Assimilator  
  23  2:40  Probe (Chrono Boost)  
  24  2:50  Pylon  
  24  2:56  Mothership Core (Chrono Boost)  
  26  3:10  Photon Cannon  
  26  3:15  Photon Cannon  
  26  3:17  Gateway  
  26  3:22  Pylon  
  26  3:26  Photon Cannon  
  26  3:30  Probe (Chrono Boost)  
  26  3:32  Zealot  
  29  3:40  Probe (Chrono Boost)  
  30  3:51  Probe (Chrono Boost)  
  33  4:03  Sentry  
  33  4:04  Probe (Chrono Boost)  
  34  4:14  Probe (Chrono Boost)  
  34  4:15  Nexus  
  35  4:26  Pylon  
  35  4:37  Sentry  
  37  4:41  Sentry  
  37  4:44  Probe (Chrono Boost)  
  40  4:58  Nexus  
  40  5:05  Stargate  
  40  5:09  Probe (Chrono Boost)  
  41  5:22  Photon Cannon  
  41  5:27  Photon Cannon  
  41  5:43  Probe (Chrono Boost)  
  41  5:48  Void Ray  
  45  6:28  Stargate  
  45  6:31  Pylon  
  45  6:34  Pylon  
  45  6:36  Probe x2 (Chrono Boost)  
  47  6:40  Pylon  
  47  6:50  Pylon  
  47  6:54  Pylon  
  47  6:56  Probe (Chrono Boost)  
  47  6:57  Probe x2 (Chrono Boost)  
  47  6:59  Pylon  
  50  7:01  Assimilator  
  50  7:07  Probe x2 (Chrono Boost)  
  50  7:08  Probe (Chrono Boost), Protoss Air Weapons Level 1  
  53  7:12  Assimilator  
  53  7:17  Probe (Chrono Boost)  
  53  7:18  Probe (Chrono Boost)  
  55  7:29  Probe (Chrono Boost)  
  56  7:30  Fleet Beacon  
  56  7:42  Assimilator  
  56  7:45  Pylon  
  56  7:51  Photon Cannon  
  56  7:54  Photon Cannon  
  56  7:56  Photon Cannon  
  56  8:01  Photon Cannon  
  56  8:03  Probe x2 (Chrono Boost)  
  56  8:04  Photon Cannon, Probe (Chrono Boost)  
  59  8:07  Photon Cannon  
  59  8:10  Cybernetics Core  
  59  8:12  Stargate  
  59  8:13  Photon Cannon  
  59  8:14  Probe x3 (Chrono Boost)  
  59  8:15  Photon Cannon  
  59  8:17  Photon Cannon  
  62  8:24  Probe (Chrono Boost)  
  62  8:25  Tempest  
  67  8:29  Stargate  
  67  8:48  Twilight Council  
  67  8:56  Robotics Facility  
  67  9:02  Protoss Air Armor Level 1  
  67  9:06  Photon Cannon  
  67  9:08  Photon Cannon  
  67  9:16  Probe (Chrono Boost)  
  69  9:17  Probe x2 (Chrono Boost)  
  70  9:24  Tempest x2  
  70  9:26  Protoss Air Weapons Level 2  
  78  9:44  Templar Archives  
  78  9:47  Dark Shrine  
  78  9:53  Robotics Bay  
  84  10:15  Observer  
  85  10:25  Protoss Shields Level 1  
  85  10:37  Psionic Storm  
  85  10:59  High Templar  
  85  11:00  Dark Templar  
  89  11:07  Dark Templar  
  91  11:38  High Templar  
  93  11:40  High Templar  
  97  11:47  Dark Templar  
  97  12:17  High Templar  
  97  12:18  Photon Cannon  
  97  12:19  High Templar  
  101  12:28  Pylon  
  101  12:31  Photon Cannon  
  101  12:36  Pylon  
  101  12:39  Pylon  
  101  12:49  Pylon  
  101  12:51  Photon Cannon  
  101  12:56  Photon Cannon  
  101  13:03  Tempest  
  101  13:04  Tempest x2, Photon Cannon  
  101  13:05  Tempest  
  117  13:07  Photon Cannon  
  117  13:08  Photon Cannon  
  117  13:11  Pylon  
  117  13:23  Observer  
  118  13:43  Warp Prism  
  118  13:44  Pylon  
  118  13:46  Tempest x2  
  118  13:47  Tempest  
  128  15:33  Graviton Catapult  
  128  15:35  Carrier x3 (Chrono Boost)  
  152  15:44  Protoss Air Weapons Level 3  
  152  15:45  Protoss Shields Level 2  
  152  15:47  Carrier (Chrono Boost)  
  147  18:16  Tempest x2 (Chrono Boost)  
  159  18:21  Tempest (Chrono Boost)  
  147  19:29  Tempest x2 (Chrono Boost)  
  147  19:30  Tempest (Chrono Boost)  
  163  19:34  Tempest (Chrono Boost)  
  163  20:09  Tempest x3 (Chrono Boost)  
  179  20:17  Tempest (Chrono Boost)  
  178  21:04  Tempest (Chrono Boost)  
  178  21:27  Pylon  
  176  23:22  Pylon  
  176  23:53  Pylon  
  157  24:48  Zealot  
  155  26:05  Pylon  
  155  26:06  Photon Cannon  
  155  26:10  Photon Cannon  
  155  26:34  Zealot x2  
  159  26:43  Zealot, Gateway  
  161  26:53  Warp Prism  
  163  27:01  Zealot x2  
  167  27:10  Zealot  
  169  27:28  Zealot x2  
  159  27:37  Zealot  
  153  27:55  Zealot x2  
  153  28:04  Zealot  
  147  28:22  Zealot  
  147  28:23  Zealot  
  151  28:31  Zealot  
  151  28:58  Zealot  
  141  29:25  Zealot x3  
  108  29:52  Zealot x3  
  100  30:19  Zealot  
  100  30:20  Zealot x2  
  88  30:46  Zealot  
  88  30:47  Zealot x2  
  86  31:14  Zealot  
  81  31:52  Pylon  
  21  44:09  Pylon  
  20  48:45  Pylon  
Tags
 
Add a new tag
Caveats
  • Supply blocks, unpowered buildings, or Contaminate may cause inaccurate times.
  • Supply counts are checked every 10 seconds.